 Dungeon Sprint DCSS version 0.30-a0-972-gf3ab3527aa (webtiles) character file.

Game seed: 6541717168946452149

54 BigDaddyOpFi the Eye of the Storm (level 7, -2/54 HPs)
             Began as an Octopode Fighter on Mar 31, 2023.
             Was a Priest of Qazlal.
             Slain by a guardian mummy (23 damage)
             ... in the Dungeon (Sprint VI: "Thunderdome").
             The game lasted 00:01:57 (413 turns).

BigDaddyOpFi the Eye of the Storm (Octopode Fighter) Turns: 413, Time: 00:01:58

Health: -2/54      AC:  1    Str: 21    XL:     7   Next: 15%
Magic:  0/13       EV: 13    Int: 22    God:    Qazlal [***...]
Gold:   100        SH:  8    Dex:  6    Spells: 6/6 levels left

rFire   + + +      SeeInvis +    a - +0 war axe
rCold   + + .      Faith    .    b - +0 buckler
rNeg    + + .      Spirit   +    (helmet restricted)
rPois   .          Reflect  .    n - amulet "Rut Koun" {Spirit rC+}
rElec   .          Rampage  .    o - ring of Usiosiw {+Blink rF+++ rC+ Int+6 Stlth-}
rCorr   .          NoTele   +    p - ring "Tavimuon" {rN+ Str+3 Int+6 Dex-5 SInv}
Will    +....                    q - ring "Desyat" {rN+ Will+ Slay+3}
Stlth   +                        (no ring)
HPRegen 0.29/turn                (no ring)
MPRegen 0.13/turn                (no ring)
                                 (no ring)
                                 (no ring)

@: no status effects
A: almost no armour, amphibious, 8 rings, camouflage 1, gelatinous body 1,
(nimble swimmer 1), tentacles
a: Renounce Religion, Evoke Blink, Upheaval, Elemental Force


You were in the Dungeon.
You worshipped Qazlal.
Qazlal was most pleased with you.
You visited 1 branch You collected 280 gold pieces.
You spent 180 gold pieces at shops.

Inventory:

Hand Weapons
 a - a +0 war axe (weapon)
Armour
 b - a +0 buckler (worn)
Jewellery
 n - the amulet "Rut Koun" (around mantle) {Spirit rC+}
   (You bought it in a shop in the Dungeon)

   [amulet of guardian spirit]

   It causes incoming damage to be divided between your reserves of health and
   magic.
   rC:        It protects you from cold.
 o - the ring of Usiosiw (left tentacle) {+Blink rF+++ rC+ Int+6 Stlth-}
   (You bought it in a shop in the Dungeon)

   [ring of intelligence]

   Int:       It affects your intelligence (+6).
   rF:        It renders you almost immune to fire.
   rC:        It protects you from cold.
   +Blink:    It lets you blink.
   Stlth:     It makes you less stealthy.
 p - the ring "Tavimuon" (right tentacle) {rN+ Str+3 Int+6 Dex-5 SInv}
   (You bought it in a shop in the Dungeon)

   [ring of intelligence]

   Str:       It affects your strength (+3).
   Int:       It affects your intelligence (+6).
   Dex:       It affects your dexterity (-5).
   rN:        It protects you from negative energy.
   SInv:      It lets you see invisible.
 q - the ring "Desyat" (on tentacle) {rN+ Will+ Slay+3}
   (You bought it in a shop in the Dungeon)

   [ring of willpower]

   Slay:      It affects your accuracy & damage with ranged weapons and melee
   (+3).
   rN:        It protects you from negative energy.
   Will:      It increases your willpower.
Wands
 k - a wand of quicksilver (5)
 l - a wand of roots (5)
Scrolls
 i - 4 scrolls of blinking
 m - 3 scrolls of fog
Potions
 f - 3 potions of haste
 g - 2 potions of magic
 h - a potion of berserk rage
 j - a potion of resistance


   Skills:
 + Level 7.0 Fighting
 + Level 6.6 Axes
 + Level 7.0 Dodging
 + Level 7.0 Shields
 * Level 8.3 Invocations


You had 6 spell levels left.
You didn't know any spells.
Your spell library was empty.

Dungeon Overview and Level Annotations

Branches:
Dungeon (1/1)

Altars:
Cheibriados
Dithmenos
Fedhas
Gozag
Kikubaaqudgha
Makhleb
Okawaru
Qazlal
Ru
Sif Muna
Trog
Uskayaw
Vehumet
Wu Jian
Xom
Yredelemnul
Zin
The Shining One
Lugonu

Shops:
D *[??*?*:[((!!!!


Innate Abilities, Weirdness & Mutations

You cannot wear most types of armour.
You are amphibious.
You can wear up to eight rings at the same time.
Your skin changes colour to match your surroundings (Stealth+).
Your rubbery body absorbs attacks. (AC +1, EV +1)
((You are camouflaged when in or above water. (Stealth+)))
You have tentacles for arms and can constrict up to eight enemies at once.


Message History

Things that are here:
a +0 club; a gnoll corpse Menkaure, Prince of Dust comes into view.
A guardian mummy comes into view.
Your extra speed is starting to run out.
Menkaure shouts!
You hit Menkaure. Your grab misses Menkaure.
Menkaure is moderately damaged.
Menkaure calls on the powers of darkness!
Your body is wracked with pain!
You slash Menkaure! You grab Menkaure.
Menkaure is severely damaged.
You constrict Menkaure. Menkaure barely misses you.
You hit Menkaure.
You destroy Menkaure!
Qazlal accepts your kill.
You can now give life to nearby clouds.
Your Fighting skill increases to level 7!
Your Dodging skill increases to level 7!
Your Shields skill increases to level 7!
Your Invocations skill increases to level 8!
You have reached level 7!
You feel yourself slow down. You block the guardian mummy's attack.
You barely miss the guardian mummy. You squeeze the guardian mummy.
The guardian mummy is lightly damaged.
The guardian mummy hits you!
You barely miss the guardian mummy.
The guardian mummy is lightly damaged.
The guardian mummy hits you!
* * * LOW HITPOINT WARNING * * *
You feel better.
You slash the guardian mummy!
The guardian mummy is moderately damaged.
The guardian mummy is engulfed in blazing flames.
The guardian mummy barely misses you.
You closely miss the guardian mummy.
The guardian mummy is severely damaged.
The guardian mummy is engulfed in blazing flames.
The guardian mummy hits you!!
You die...

#⌠..........###...###.........
#⌠..........# #.<.# #.........
#⌠..........###...###.........
##.............###............
###∩........8.# #.8........∩#
##∩___......###......___∩##
######.8.........8.######
#⌠...........⌠#
###.@M......### #_§......_#
#_......._# #_........#
#∩.......∩# ##∩.....∩##
##.....## ##⌠⌠⌠## #####


You could see a guardian mummy.

Vanquished Creatures
  A guardian mummy (D)
  Menkaure (D)
  Jessica (D)
  Terence (D)
  2 mummies (D)
  6 gnolls (D)
  A dart slug (D)
  A giant cockroach (D)
  A frilled lizard (D)
15 creatures vanquished.

Notes
Turn   | Place    | Note
-------+----------+-------------------------------------------
     0 | D        | BigDaddyOpFi the Octopode Fighter began the quest for the
                  | Orb.
     0 | D        | Reached XP level 1. HP: 16/16 MP: 1/1
     3 | D        | Found a glowing silver altar of Zin.
     4 | D        | Found a burning altar of Makhleb.
     4 | D        | Found a shimmering altar of Xom.
     5 | D        | Found a shadowy altar of Dithmenos.
     5 | D        | Found an opulent altar of Gozag.
     5 | D        | Round 1.
     6 | D        | Found a hide-covered altar of Uskayaw.
     6 | D        | Found an iron altar of Okawaru.
     6 | D        | Found Deppol's Identification Station.
     7 | D        | Found Vuifa's Jewellery.
     7 | D        | Found Pose's Advanced Armour.
    15 | D        | Bought a bound platinum amulet for 45 gold pieces
    15 | D        | Identified the amulet "Rut Koun" {Spirit rC+} (You bought
                  | it in a shop in the Dungeon)
    15 | D        | Bought a clouded bronze ring for 45 gold pieces
    15 | D        | Identified the ring of Usiosiw {+Blink rF+++ rC+ Int+6
                  | Stlth-} (You bought it in a shop in the Dungeon)
    15 | D        | Bought a crude silver ring for 45 gold pieces
    15 | D        | Identified the ring "Tavimuon" {rN+ Str+3 Int+6 Dex-5 SInv}
                  | (You bought it in a shop in the Dungeon)
    24 | D        | Bought a flickering wooden ring for 45 gold pieces
    24 | D        | Identified the ring "Desyat" {rN+ Will+ Slay+3} (You bought
                  | it in a shop in the Dungeon)
    96 | D        | Noticed Terence
   102 | D        | Killed Terence
   103 | D        | Reached XP level 2. HP: 22/22 MP: 2/2
   105 | D        | Found a bloodstained altar of Trog.
   106 | D        | Found Edaz's Magic Scroll Shop.
   107 | D        | Found Gemos's Magic Scroll Shop.
   107 | D        | Found Jutolan's Must-Have Magic.
   108 | D        | Found a corrupted altar of Lugonu.
   108 | D        | Found Liecaph's Staff Store.
   114 | D        | Found an ornate altar of the Wu Jian Council.
   118 | D        | Found a stormy altar of Qazlal.
   119 | D        | Found Fitue's Distillery.
   121 | D        | Found Itovan's Distillery.
   121 | D        | Found Adah's Bottled Wisdom.
   121 | D        | Found a glowing golden altar of the Shining One.
   121 | D        | Found a sacrificial altar of Ru.
   121 | D        | Found a radiant altar of Vehumet.
   121 | D        | Found Dupreol's Do-It-Yourself Clinic.
   126 | D        | Reached XP level 3. HP: 27/27 MP: 3/3
   126 | D        | Found a snail-covered altar of Cheibriados.
   127 | D        | Found a blossoming altar of Fedhas.
   129 | D        | Found Pulyac's Weapon Rack.
   130 | D        | Found a shimmering blue altar of Sif Muna.
   130 | D        | Found an ancient bone altar of Kikubaaqudgha.
   130 | D        | Found a basalt altar of Yredelemnul.
   130 | D        | Found Umpoeky's Premium Goods.
   130 | D        | Found Niumn's Basic Armour.
   130 | D        | Found Eneaj's Miscellaneous Merchandise.
   144 | D        | Noticed Jessica
   156 | D        | Killed Jessica
   156 | D        | Arena points: 12 (+12) [x2]
   207 | D        | Round 2.
   221 | D        | Became a worshipper of Qazlal Stormbringer
   233 | D        | Reached skill level 1 in Invocations
   233 | D        | Reached XP level 4. HP: 34/34 MP: 4/4
   276 | D        | Reached * piety under Qazlal
   277 | D        | Reached skill level 2 in Invocations
   279 | D        | Reached skill level 5 in Fighting
   279 | D        | Reached skill level 5 in Dodging
   279 | D        | Reached skill level 5 in Shields
   289 | D        | Reached skill level 3 in Invocations
   291 | D        | Reached ** piety under Qazlal
   291 | D        | Arena points: 54 (+42) [x3]
   346 | D        | Round 3.
   352 | D        | Noticed a guardian mummy
   365 | D        | Reached XP level 5. HP: 29/39 MP: 2/7
   369 | D        | Killed a guardian mummy
   370 | D        | Reached skill level 7 in Invocations
   370 | D        | Reached XP level 6. HP: 37/47 MP: 3/11
   400 | D        | Noticed Menkaure
   401 | D        | Noticed a guardian mummy
   407 | D        | Killed Menkaure
   407 | D        | Reached *** piety under Qazlal
   408 | D        | Reached skill level 8 in Invocations
   408 | D        | Reached XP level 7. HP: 33/54 MP: 4/13
   413 | D        | Slain by a guardian mummy

Illustrated notes

Levels and vault maps discovered:
D:        arena_sprint

Skill      XL: |  1  2  3  4  5  6 |
---------------+-------------------+-----
Fighting       | 4 5 6 7 |  7.0
Axes           | 3 4 6 |  6.6
Dodging        | 4 5 6 7 |  7.0
Shields        | 4 5 6 7 |  7.0
Invocations    | 1 3 7 8 |  8.3

Action                     |  1- 3 |  4- 6 |  7- 9 || total
---------------------------+-------+-------+-------++-------
  Melee: War axe           |    11 |    28 |     4 ||    43
         Constrict         |     4 |     6 |       ||    10
         Tentacles         |     2 |     4 |     1 ||     7
    Use: Potion            |     1 |     5 |     1 ||     7
  Dodge: Dodged            |     7 |    10 |     1 ||    18
  Block: Buckler           |       |    10 |     1 ||    11

Table legend: (Time is in decaauts)
 A = Elapsed time spent in this place.
 B = Non-inter-level travel time spent in this place.
 C = Inter-level travel time spent in this place.
 D = Time resting spent in this place.
 E = Time spent auto-exploring this place.
 F = Levels seen in this place.
 G = Mean time per level.
                   A        B        C        D        E       F      G
               +--------+--------+--------+--------+--------+-----+--------+
         Total |    405 |    405 |      0 |     72 |      0 |   1 |  405.0 |
       Dungeon |    405 |    405 |      0 |     72 |      0 |   1 |  405.0 |
               +--------+--------+--------+--------+--------+-----+--------+

Top non-repeatable levels by time:
       D: 405 daAuts
